 Dungeon Crawl Stone Soup version 0.31-a0-986-g5e6e4ef867 (webtiles) character file.

Game seed: 6175675927120148047

70 Persephone the Chopper (level 4, -3/39 HPs)
             Began as a Minotaur Monk on Nov 7, 2023.
             Slain by a gnoll
             ... wielding a +0 whip
              (4 damage)
             ... on level 3 of the Dungeon.
             The game lasted 00:01:44 (1331 turns).

Persephone the Chopper (Minotaur Monk)              Turns: 1331, Time: 00:01:45

Health: -3/39      AC:  7    Str: 18    XL:     4   Next: 3%
Magic:  3/3        EV: 11    Int:  7    God:
Gold:   80         SH:  0    Dex: 12    Spells: 3/3 levels left

rFire   . . .        w - +0 war axe
rCold   . . .        d - orb {light}
rNeg    . . .        o - +0 ring mail
rPois   .            (helmet restricted)
rElec   .            j - +0 cloak
rCorr   .            m - +0 pair of gloves
SInv    .            (no boots)
Will    .....        (no amulet) Stlth
                     (no ring)
HPRegen 0.26/turn    (no ring)
MPRegen 0.08/turn

%: no passive effects
@: confused, ambrosia-drunk, glowing
A: horns 2, retaliatory headbutt
a: no special abilities


You were on level 3 of the Dungeon.
You visited 1 branch of the dungeon, and saw 3 of its levels.

You collected 80 gold pieces.

Inventory:

Hand Weapons
 a - a +0 hand axe
 w - a +0 war axe (weapon)
Missiles
 l - 3 silver javelins
 s - a throwing net
Armour
 b - a +0 robe
 d - an orb of light (worn)
 j - a +0 cloak (worn)
 m - a +0 pair of gloves (worn)
 o - a +0 ring mail (worn)
Wands
 t - a wand of iceblast (8)
Scrolls
 e - 2 scrolls of vulnerability {unknown}
 g - a scroll of immolation {unknown}
 h - 2 scrolls of identify {unknown}
 i - a scroll of enchant weapon {unknown}
 k - 2 scrolls of revelation {unknown}
 n - a scroll of teleportation {unknown}
 r - a scroll of poison {unknown}
 u - a scroll of fog {unknown}
 v - a scroll of fear {unknown}
Potions
 f - a potion of heal wounds {unknown}
 p - a potion of degeneration {unknown}
 q - a potion of might {unknown}


   Skills:
 - Level 3.6 Fighting
 + Level 6.0 Axes
 - Level 3.2 Dodging


You had 3 spell levels left.
You didn't know any spells.
Your spell library contained the following spells:

 Spells                   Type           Power      Damage    Failure   Level
 Ensorcelled Hibernation  Hex/Ice        0%         N/A       77%         2
 Passwall                 Tmut/Erth      0%         N/A       77%         2
 Swiftness                Air            0%         N/A       94%         3


Dungeon Overview and Level Annotations

Branches:
Dungeon (3/15)

Altars:


Innate Abilities, Weirdness & Mutations

You have a pair of horns on your head.
You reflexively headbutt those who attack you in melee.


Message History

Monster found x3; Killing and exploring; Evalutating dangerous sitituation Auto kill stopped - Too dangerous: Extremely Dangerous (0) Dangerous (0) Easy (3) Harmless (0)
The gnoll shouts! x2
A gnoll comes into view. It is wielding a +0 spear.
The gnoll shouts!
The gnoll barely misses you. The gnoll misses you.
You slash the gnoll!
The gnoll is heavily wounded.
You slash the gnoll!
The gnoll throws a throwing net.
The throwing net hits you.
You become entangled in the net!
The gnoll hits you with a +0 whip.
You tear a large gash into the net.
The gnoll barely misses you.
The gnoll hits you from afar with a +0 spear. x2
The gnoll barely misses you.
You struggle against the net.
The gnoll hits you but does no damage. The gnoll barely misses you.
The gnoll hits you from afar with a +0 spear.
The gnoll hits you but does no damage.
You struggle against the net.
The gnoll hits you with a +0 club.
The gnoll hits you from afar with a +0 spear. x2
The gnoll hits you but does no damage.
You shred the net and break free! The gnoll hits you with a +0 club.
* * * LOW HITPOINT WARNING * * *
The gnoll hits you from afar with a +0 spear.
* * * LOW HITPOINT WARNING * * *
The gnoll hits you but does no damage. The gnoll closely misses you.
You are confused.
You feel invigorated. The gnoll hits you but does no damage.
The gnoll hits you from afar with a +0 spear.
* * * LOW HITPOINT WARNING * * *
The gnoll hits you from afar with a +0 spear.
* * * LOW HITPOINT WARNING * * *
The gnoll barely misses you.
You slash the gnoll!
You kill the gnoll!
You hit the gnoll.
The gnoll hits you from afar with a +0 spear.
* * * LOW HITPOINT WARNING * * *
The gnoll hits you with a +0 whip.
You die...

#########
#.......#
#.......#
#.......#
#.......#
##..gg...#
#.....g..#
#....)@..#
#........#
#....#####
#######....#
...........#
######....#
#. ##
#.....###
#... #.
#.#.....#
#...# #.
#.#.....#
#...# #.


You could see 3 gnolls.

Vanquished Creatures
  A gnoll (D:3)
  2 adders
  A worm (D:3)
  4 bats
  6 endoplasms
  A giant cockroach (D:2)
  8 goblins
  7 hobgoblins
  A kobold (D:3)
  A quokka (D:3)
  7 ball pythons
  2 frilled lizards (D:1)
  5 rats
46 creatures vanquished.

Notes
Turn   | Place    | Note
-------+----------+-------------------------------------------
     0 | D:1      | Persephone the Minotaur Monk began the quest for the Orb.
     0 | D:1      | Reached XP level 1. HP: 19/19 MP: 0/0
    49 | D:1      | Reached skill level 4 in Axes
   164 | D:1      | Reached XP level 2. HP: 26/26 MP: 1/1
   422 | D:1      | You fall into a shaft and drop 1 floor!
   437 | D:2      | Reached skill level 5 in Axes
   437 | D:2      | Reached XP level 3. HP: 19/31 MP: 2/2
  1257 | D:3      | Reached skill level 6 in Axes
  1257 | D:3      | Reached XP level 4. HP: 39/39 MP: 3/3
  1331 | D:3      | HP: 1/39 [gnoll/+0 spear (6)]
  1331 | D:3      | Slain by a gnoll

Illustrated notes

Levels and vault maps discovered:
D:1:      reono_arrival_mine, layout_rooms
D:2:      layout_basic
D:3:      layout_basic, minmay_fountain_box, minmay_misc_feat_chi

Skill      XL: |  1  2  3 |
---------------+----------+-----
Axes           | 4 5 6 |  6.0
Fighting       | |  3.6
Dodging        | |  3.2

Action                     |  1- 3 |  4- 6 || total
---------------------------+-------+-------++-------
  Melee: Hand axe          |    62 |       ||    62
         Headbutt          |     9 |       ||     9
         War axe           |     8 |     3 ||    11
    Use: Potion            |       |     1 ||     1
 Armour: Robe              |    20 |       ||    20
         Ring mail         |    21 |    19 ||    40
  Dodge: Dodged            |    40 |     7 ||    47

Table legend: (Time is in decaauts)
 A = Elapsed time spent in this place.
 B = Non-inter-level travel time spent in this place.
 C = Inter-level travel time spent in this place.
 D = Time resting spent in this place.
 E = Time spent auto-exploring this place.
 F = Levels seen in this place.
 G = Mean time per level.
                   A        B        C        D        E       F      G
               +--------+--------+--------+--------+--------+-----+--------+
         Total |   1336 |   1255 |     81 |      0 |    993 |   3 |  445.3 |
       Dungeon |   1336 |   1255 |     81 |      0 |    993 |   3 |  445.3 |
               +--------+--------+--------+--------+--------+-----+--------+

Top non-repeatable levels by time:
     D:1: 598 daAuts
     D:2: 478 daAuts
     D:3: 259 daAuts
